 Dungeon Crawl Stone Soup version 0.18.1-5-g4a78601 (webtiles) character file.

227664 XVar the Executioner (level 18, 0/182 HPs)
             Began as a Minotaur Berserker on May 12, 2016.
             Was a High Priest of Trog.
             Slain by a naga mage
             ... wielding a +5 short sword
              (3 damage)
             ... on level 4 of the Snake Pit on May 13, 2016.
             The game lasted 03:07:30 (43080 turns).

XVar the Executioner (Minotaur Berserker)          Turns: 43080, Time: 03:07:30

Health: 0/182      AC: 28    Str: 29    XL:     18   Next: 68%
Magic:  17/17      EV:  7    Int:  8    God:    Trog [*****.]
Gold:   382        SH:  0    Dex: 18    Spells: 0 memorised, 17 levels left

rFire  + + .     SeeInvis .     I - +7 battleaxe of Infection {chop, rC++ MR+ Int+4}
rCold  + + +     Gourm    +     z - +3 plate armour
rNeg   + . .     Faith    .     (shield currently unavailable)
rPois  +         Spirit   .     t - -2 hat of the Alchemist {rElec rPois rF+ rC+ rN+ MR+ rMut rCorr}
rElec  +         Dismiss  .     U - +2 cloak {+Inv}
rCorr  +         Reflect  .     x - +0 pair of gloves of a Thousand Souls {Str+2}
rMut   +         Harm     .     P - +2 pair of boots
SustAt .                        b - amulet of the gourmand {Gourm, !d}
MR     +++++                    R - +3 ring of protection
Stlth  ..........               n - +5 ring of dexterity

@: lethally poisoned (0 -> 0), exhausted, resistant, very slightly contaminated,
regenerating, hasted and slowed, constricted, almost entirely resistant to
hostile enchantments, extremely unstealthy
A: retaliatory headbutt, horns 2, deformed body
a: Berserk, Trog's Hand, Brothers in Arms, Burn Spellbooks, Renounce Religion,
Evoke Invisibility
}: 1/15 runes: decaying


You were on level 4 of the Snake Pit.
You worshipped Trog.
Trog was extremely pleased with you.
You were not hungry.

You visited 5 branches of the dungeon, and saw 33 of its levels.
You also visited: Bailey and Ice Cave.

You collected 2788 gold pieces.
You spent 2406 gold pieces at shops.

Inventory:

Hand Weapons
 I - the +7 battleaxe of Infection (weapon) {chop, rC++ MR+ Int+4}
   (Trog gifted it to you on level 2 of the Orcish Mines)

   It inflicts extra damage upon your enemies.
   It affects your intelligence (+4).
   It greatly protects you from cold.
   It affects your resistance to hostile enchantments.
 N - a +6 broad axe of flaming
   (Trog gifted it to you on level 2 of the Lair of Beasts)
Missiles
 S - 3 throwing nets (quivered) {=f, !d}
Armour
 t - the -2 hat of the Alchemist (worn) {rElec rPois rF+ rC+ rN+ MR+ rMut rCorr}
   (You bought it in a shop on level 2 of the Orcish Mines)

   It protects you from fire.
   It protects you from cold.
   It insulates you from electricity.
   It protects you from poison.
   It protects you from negative energy.
   It affects your resistance to hostile enchantments.
   It protects you from acid and corrosion.
   It protects you from mutation.
 x - the +0 pair of gloves of a Thousand Souls (worn) {Str+2}
   (You acquired it on level 15 of the Dungeon)

   It affects your strength (+2).
 z - a +3 plate armour (worn)
   (You found it on level 14 of the Dungeon)
 P - a +2 pair of boots (worn)
   (You found it on level 7 of the Lair of Beasts)
 U - a +2 cloak of invisibility (worn)
   (You found it on level 3 of the Lair of Beasts)
Jewellery
 b - an amulet of the gourmand (around neck) {Gourm, !d}
   (You found it on level 8 of the Dungeon)
 n - a +5 ring of dexterity (left hand)
   (You found it on level 2 of the Dungeon)
 y - an uncursed ring of flight {+Fly, !d}
   (You found it on level 6 of the Dungeon)
 D - an uncursed ring of positive energy {rN+}
   (You found it on level 1 of the Snake Pit)
 R - a +3 ring of protection (right hand)
   (You found it on level 3 of the Lair of Beasts)
Wands
 a - a wand of lightning (7/15)
   (You found it on level 8 of the Lair of Beasts)
 g - a wand of acid (8/15)
   (You found it on level 2 of the Swamp)
 v - a wand of heal wounds (4/9)
   (You took it off Rupert on level 3 of the Lair of Beasts)
 w - a wand of confusion (30/48)
   (You found it on level 4 of the Dungeon)
 K - a wand of polymorph (18/24)
   (You found it on level 2 of the Snake Pit)
 O - a wand of paralysis (8/24)
   (You found it on level 2 of the Lair of Beasts)
 W - a wand of slowing (23/48)
   (You found it on level 4 of the Lair of Beasts)
 X - a wand of iceblast (8/15)
   (You found it on level 1 of the Snake Pit)
Scrolls
 d - 7 scrolls of enchant armour
 e - 5 scrolls of blinking {!r}
 l - 6 scrolls of magic mapping {!r}
 r - 12 scrolls of remove curse
 u - 6 scrolls of identify
 A - 2 scrolls of recharging
 B - a scroll of silence
 G - 2 scrolls of fog
 J - 4 scrolls of enchant weapon
Potions
 j - 3 potions of heal wounds
 k - 3 potions of cancellation
 m - 6 potions of agility
 p - a potion of haste
 C - 3 potions of cure mutation {!q}
 F - 4 potions of curing
 H - a potion of brilliance
 M - 2 potions of beneficial mutation
 Q - a potion of ambrosia
 T - 2 potions of flight
 V - a potion of might
 Y - a potion of resistance
 Z - 2 potions of invisibility {unknown}
Miscellaneous
 f - a sack of spiders
   (You found it on level 5 of the Lair of Beasts)
 E - a box of beasts
   (You found it on level 12 of the Dungeon)
 L - a phial of floods (inert)
   (You found it on level 13 of the Dungeon)
Comestibles
 c - 19 bread rations
 h - 15 meat rations
 o - 7 beef jerkies
 q - 3 slices of pizza
 s - 36 fruits


   Skills:
 + Level 21.6 Fighting
 - Level 23.0 Axes
 + Level 21.1 Armour
 - Level 2.1 Dodging


You had 17 spell levels left.
You didn't know any spells.

Dungeon Overview and Level Annotations

Branches:
Dungeon (15/15)            Temple (0/1) D:5            Lair (8/8) D:9
  Swamp (4/4) Lair:6        Snake (4/4) Lair:5        Slime (0/6) Lair:6
    Orc (2/2) D:9             Elf (0/3) Orc:2        Vaults (0/5) D:14
 Depths (0/5) D:15

Altars:
Ashenzari
Cheibriados
Dithmenos
Fedhas
Gozag
Makhleb
Pakellas
Qazlal
Ru
Sif Muna
Trog
Vehumet
Xom
Yredelemnul
Jiyva

Shops:
D:8 (   D:10 *[?((   Orc:2 [*:(

Annotations:
Lair:4 exclusion: 3 oklob plants
Lair:6 1 runed door


Innate Abilities, Weirdness & Mutations

You reflexively headbutt those who attack you in melee.
You have a pair of horns on your head.
Armour fits poorly on your strangely shaped body.


Message History

The naga mage grabs your deep troll.
The naga mage constricts your deep troll.
The naga mage hits you but does no damage.
The guardian serpent coils itself and performs some mystic snake dance.
The naga mage gestures wildly while chanting.
The naga mage seems to speed up.
The naga hits you but does no damage. The naga grabs you.
The naga constricts you.
The shock serpent completely misses you.
You furiously retaliate!
You headbutt the shock serpent. The naga barely misses you.
You furiously retaliate!
You headbutt the naga!!
A naga comes into view. It is wielding a long sword.
The naga shouts!
An anaconda comes into view.
You slice the naga sharpshooter!! You headbutt the naga sharpshooter.
The naga sharpshooter is heavily wounded.
You slice the shock serpent!!
The shock serpent is severely wounded.
The shock serpent's electric aura discharges, shocking you!
* * * LOW HITPOINT WARNING * * *
You closely miss the greater naga. You slice the naga mage!!
The naga mage is heavily wounded.
You slice the naga!!
You kill the naga!
Trog accepts your kill.
You slice the naga!!
You kill the naga!
Trog accepts your kill.
* * * LOW HITPOINT WARNING * * *
Your deep troll is poisoned.
Your deep troll bites the naga sharpshooter!!
Your deep troll claws the naga sharpshooter!
The naga sharpshooter dies!
Trog accepts your kill.
Trog appreciates your killing of a magic user.
The naga mage spits poison at you. The splash of poison hits you! You resist.
The naga mage hits you but does no damage.
The naga mage spits poison at you. The splash of poison hits you!
You are poisoned.
You resist.
The greater naga mumbles some strange words.
The greater naga seems to speed up.
The shock serpent shoots out a bolt of lightning at you!
The bolt of electricity hits you! You resist.
* * * LOW HITPOINT WARNING * * *
The naga sharpshooter mumbles some strange words.
The naga sharpshooter magically shoots an arrow.
The arrow hits you but does no damage.
The naga mage hits your deep troll with a halberd!
The naga mage constricts your deep troll.
Drink which item? (? for menu, Esc to quit)
You feel better.
* * * LOW HITPOINT WARNING * * *
Your deep troll struggles to escape constriction.
The naga mage hits you but does no damage.
The naga mage gestures at you while chanting.
You resist with almost no effort.
The greater naga points at you and mumbles some strange words.
The poison arrow misses you.
The poison arrow hits the naga sharpshooter.
The naga sharpshooter partially resists.
The naga sharpshooter is poisoned.
The shock serpent bites you!
* * * LOW HITPOINT WARNING * * *
The shock serpent shocks you. You resist.
* * * LOW HITPOINT WARNING * * *
The naga sharpshooter gestures wildly while chanting.
The naga sharpshooter magically shoots an arrow.
The arrow hits your deep troll!!
Your deep troll struggles to escape constriction.
The naga mage hits you but does no damage.
The naga mage hits you from afar with a spear.
* * * LOW HITPOINT WARNING * * *
The naga mage hits your deep troll with a halberd.
The naga mage constricts your deep troll.
The naga mage hits you but does no damage.
The naga mage grabs you. The naga mage constricts you.
The greater naga spits poison at you. The splash of poison hits you!
You are poisoned.
You resist.
You slice the greater naga!! You headbutt the greater naga!
The greater naga is heavily wounded.
You slash the shock serpent!
The shock serpent is almost dead.
The shock serpent's electric aura discharges, shocking you!
* * * LOW HITPOINT WARNING * * *
You hit the naga mage.
The naga mage is severely wounded.
You feel sick. The anaconda bites your deep troll! The shock serpent bites you!
* * * LOW HITPOINT WARNING * * *
The shock serpent shocks you. You resist.
* * * LOW HITPOINT WARNING * * *
Your deep troll escapes!
The naga mage hits you from afar with a spear.
* * * LOW HITPOINT WARNING * * *
The naga mage hits you but does no damage.
The naga mage barely misses you. You furiously retaliate!
You headbutt the naga mage, but do no damage.
You die...

........# ).......#
..:..#### .....#
########### .....#
##.....$...### .....#
.............## ######
.⌠.......⌠.....
.......S(TN..N....
###.......NN)@NN..#
#.#....8.8.8N8S8S8.#
......(..S..NNNSN...#
.NN..⌠.S.S..N≈N≈.....#
##SSS..
......≈≈...N.##


#NSN# 8.8.8.8.8.8.## #NN.# ...........N# SNN.# .....⌠....... )).## You could see
a naga warrior, 2 greater nagas, a naga sharpshooter, 2 anacondas, a naga
ritualist, a shock serpent, 4 guardian serpents, 4 naga magi, 6 nagas and a
friendly deep troll (berserk).

Vanquished Creatures
  Vashnia (Snake:2)
  Nikola (Snake:1)
  Jorgrun (Swamp:2)
  Rupert (Lair:3)
  A tentacled monstrosity (Swamp:4)
  Gastronok (Lair:2)
  A greater naga (Snake:4)
  A frost giant (IceCv)
  Donald (Swamp:2)
  Aizul (Snake:1)
  Louise (D:13)
  Azrael (Snake:1)
  3 ettins (Orc:2)
  Snorg (Lair:4)
  Josephine (Snake:1)
  The ghost of M4edhros the Covert, a journeyman OpNe of Cheibriados (Lair:7)
  2 rakshasas (D:15)
  The ghost of 4thArraOfDagon the Grappler, a journeyman TrIE of the Shining One (Orc:2)
  Fannar (Orc:1)
  23 hydras
  3 ghost crabs
  14 naga warriors
  3 centaur warriors (D:13)
  A catoblepas (Lair:5)
  10 alligators
  12 anacondas
  Erica (Orc:1)
  9 death yaks (Lair:7)
  An ogre mage (D:15)
  A shock serpent (shapeshifter) (D:15)
  8 naga sharpshooters
  Urug (Lair:3)
  10 shock serpents
  Sonja (D:15)
  5 skeletal warriors (D:15)
  4 salamander mystics
  An unseen horror (D:15)
  6 naga ritualists
  9 swamp dragons
  10 sea snakes
  A lindwurm (Lair:8)
  5 shambling mangroves
  A harpy (shapeshifter) (D:13)
  3 orc knights
  A wolf spider zombie (D:14)
  8 hill giants
  20 ugly things
  8 mana vipers
  2 manticores
  A deep elf mage (D:14)
  10 salamanders
  An orc sorcerer (Orc:2)
  2 hornets (Swamp:4)
  2 griffons
  13 cyclopes
  11 elephants
  12 guardian serpents
  43 black mambas
  9 naga magi
  2 gargoyles
  An ice statue (IceCv)
  Maurice (Orc:1)
  A torpor snail (Lair:8)
  5 rime drakes
  20 spiny frogs
  6 komodo dragons
  2 kobold demonologists
  A troll (shapeshifter) (D:15)
  2 spriggan druids
  7 trolls
  23 polar bears
  A two-headed ogre (shapeshifter) (D:15)
  6 giant leeches
  10 bog bodies
  Grinder (D:5)
  17 blink frogs
  22 slime creatures
  Sigmund (D:3)
  17 spriggans
  7 wraiths
  A vampire (D:15)
  2 wyverns
  55 yaks
  6 shadows
  5 redbacks (Lair:8)
  6 basilisks
  4 fire elementals (Snake:1)
  2 hungry ghosts
  8 hippogriffs
  4 vampire mosquitoes (D:15)
  15 swamp worms
  2 wargs
  A mottled dragon (D:11)
  38 nagas
  A soldier ant (D:13)
  12 water moccasins
  Duvessa (D:5)
  13 porcupines
  5 hell hounds
  An ice beast (D:10)
  6 black bears (Lair:8)
  14 swamp drakes
  3 sky beasts
  15 wasps
  21 orc warriors
  2 phantoms
  11 ogres
  11 centaurs
  3 boggarts (D:15)
  59 wolves
  4 big kobolds
  16 crocodiles
  20 giant frogs
  A wyvern zombie (D:9)
  Dowan (D:5)
  A water moccasin zombie (D:9)
  A wyvern skeleton (D:13)
  2 scorpions
  10 killer bees
  3 wights (D:11)
  7 electric eels
  7 howler monkeys
  5 crimson imps
  A quasit (D:15)
  4 centaur zombies
  6 jellies
  A gnoll shaman (D:5)
  16 orc priests
  5 centaur skeletons
  2 giant frog skeletons (D:13)
  8 hounds
  17 orc wizards
  18 iguanas
  Jessica (D:3)
  Terence (D:3)
  13 worker ants
  A killer bee zombie (D:11)
  A hound skeleton (D:6)
  8 gnolls (D:5)
  A howler monkey skeleton (D:4)
  13 adders
  102 river rats
  2 shadow imps
  12 white imps (Orc:2)
  2 oozes
  2 adder skeletons
  2 worms (D:3)
  2 dart slugs (D:2)
  6 giant geckos
  82 orcs
  5 giant cockroaches
  5 goblins
  4 hobgoblins
  13 jackals
  14 kobolds
  5 quokkas
  2 ball pythons (D:4)
  5 bats
  A giant gecko skeleton (D:4)
  A giant gecko zombie (D:7)
  3 giant newts
  A jackal skeleton (D:4)
  12 rats
  A bush (Lair:5)
  2 butterflies (Lair:3)
  20 fungi
  13 plants
1302 creatures vanquished.

Vanquished Creatures (collateral kills)
  An orc warlord (Orc:2)
  A stone giant (Orc:2)
  A naga sharpshooter (Snake:4)
  A spiny frog (Lair:2)
  A blink frog (Lair:2)
  A warg (Orc:2)
  A naga (Snake:4)
  4 orc warriors (Orc:2)
  An orc wizard (Orc:2)
  2 orcs (Orc:2)
14 creatures vanquished.

Vanquished Creatures (others)
  An orc (Orc:1)
  31 fungi
  31 plants
63 creatures vanquished.

Grand Total: 1379 creatures vanquished

Notes
Turn   | Place    | Note
--------------------------------------------------------------
     0 | D:1      | XVar the Minotaur Berserker began the quest for the Orb.
     0 | D:1      | Reached XP level 1. HP: 19/19 MP: 0/0
    82 | D:1      | Reached skill level 4 in Axes
   331 | D:1      | Reached XP level 2. HP: 27/27 MP: 1/1
  1099 | D:2      | Reached skill level 4 in Fighting
  1224 | D:2      | Found a blossoming altar of Fedhas.
  1225 | D:2      | Found a basalt altar of Yredelemnul.
  1225 | D:2      | Found a sacrificial altar of Ru.
  1225 | D:2      | Found a snail-covered altar of Cheibriados.
  1231 | D:2      | Reached XP level 3. HP: 33/33 MP: 2/2
  1280 | D:2      | Found a shattered altar of Ashenzari.
  1284 | D:2      | Found a radiant altar of Vehumet.
  1432 | D:2      | Reached skill level 3 in Armour
  1494 | D:2      | Found a stormy altar of Qazlal.
  1494 | D:2      | Noticed an air elemental
  1495 | D:2      | Noticed an earth elemental
  1495 | D:2      | Noticed a water elemental
  1495 | D:2      | Noticed a fire elemental
  1519 | D:2      | Reached skill level 5 in Axes
  1541 | D:2      | Reached ** piety under Trog
  1578 | D:2      | Reached XP level 4. HP: 40/40 MP: 3/3
  2041 | D:2      | Found a bloodstained altar of Trog.
  2184 | D:3      | Noticed Terence
  2197 | D:3      | Killed Terence
  2244 | D:3      | Found an opulent altar of Gozag.
  2271 | D:3      | Noticed Sigmund
  2285 | D:3      | Killed Sigmund
  2285 | D:3      | Reached skill level 5 in Fighting
  2285 | D:3      | Reached skill level 6 in Axes
  2285 | D:3      | Reached skill level 4 in Armour
  2285 | D:3      | Reached XP level 5. HP: 48/48 MP: 4/4
  2285 | D:3      | Reached XP level 6. HP: 56/56 MP: 5/5
  2408 | D:3      | HP: 14/56 [orc/trident (2)]
  2772 | D:3      | Noticed Jessica
  2780 | D:3      | Killed Jessica
  3115 | D:4      | Found a shimmering altar of Xom.
  3234 | D:4      | Reached skill level 7 in Axes
  3695 | D:4      | Reached skill level 5 in Armour
  3695 | D:4      | Reached XP level 7. HP: 62/62 MP: 6/6
  3811 | D:4      | Reached *** piety under Trog
  3941 | D:4      | Gained mutation: Your spells are a little harder to cast, but a little more powerful. [potion of beneficial mutation]
  4056 | D:5      | Entered Level 5 of the Dungeon
  4080 | D:5      | Reached skill level 6 in Fighting
  4111 | D:5      | Reached skill level 8 in Axes
  4226 | D:5      | Noticed Duvessa
  4227 | D:5      | Noticed Dowan
  4234 | D:5      | Killed Duvessa
  4237 | D:5      | Killed Dowan
  4252 | D:5      | Reached XP level 8. HP: 50/71 MP: 7/7
  4495 | D:5      | Reached skill level 9 in Axes
  4590 | D:5      | Found a staircase to the Ecumenical Temple.
  4605 | D:5      | Reached skill level 7 in Fighting
  4690 | D:5      | Reached skill level 6 in Armour
  4836 | D:5      | Noticed Grinder
  4843 | D:5      | Killed Grinder
  5322 | D:6      | Reached **** piety under Trog
  5470 | D:6      | Found a burning altar of Makhleb.
  5489 | D:6      | Reached skill level 10 in Axes
  5606 | D:6      | Reached skill level 8 in Fighting
  5606 | D:6      | Reached skill level 7 in Armour
  5769 | D:6      | Identified a scroll of acquirement
  6155 | D:6      | Reached XP level 9. HP: 77/81 MP: 8/8
  6778 | D:7      | Noticed a troll
  6783 | D:7      | Killed a troll
  6783 | D:7      | Reached skill level 11 in Axes
  7559 | D:7      | Reached skill level 12 in Axes
  8188 | D:8      | Found an oddly glowing altar of Pakellas.
  8255 | D:8      | Found a deep blue altar of Sif Muna.
  8280 | D:8      | Found a flagged portal.
  8283 | D:8      | Reached skill level 13 in Axes
  8321 | Bailey   | Entered a bailey
  8923 | D:8      | Found Peyder's Weapon Shoppe.
  9066 | D:8      | Received a gift from Trog
  9066 | D:8      | Reached XP level 10. HP: 80/88 MP: 9/9
  9102 | D:9      | Reached skill level 14 in Axes
  9165 | D:9      | Found a staircase to the Orcish Mines.
  9403 | D:9      | Found a staircase to the Lair.
  9712 | D:9      | Reached skill level 15 in Axes
  9957 | D:9      | Reached ***** piety under Trog
 10224 | Lair:1   | Entered Level 1 of the Lair of Beasts
 10314 | Lair:1   | Noticed a spiny frog
 10314 | Lair:1   | Noticed a spiny frog
 10319 | Lair:1   | Killed a spiny frog
 10319 | Lair:1   | Reached skill level 16 in Axes
 10321 | Lair:1   | Killed a spiny frog
 10839 | Lair:1   | Reached XP level 11. HP: 77/94 MP: 10/10
 11196 | Lair:1   | Reached skill level 17 in Axes
 11311 | Lair:1   | Lost mutation: Your spells are a little harder to cast, but a little more powerful. [potion of cure mutation]
 11391 | Lair:2   | Received a gift from Trog
 11749 | Lair:2   | Noticed Gastronok
 11763 | Lair:2   | Reached skill level 18 in Axes
 11764 | Lair:2   | Killed Gastronok
 12106 | Lair:2   | Received a gift from Trog
 12106 | Lair:2   | Reached skill level 19 in Axes
 12500 | Lair:3   | Noticed Rupert
 12526 | Lair:3   | Killed Rupert
 12526 | Lair:3   | Reached XP level 12. HP: 48/101 MP: 11/11
 12917 | Lair:3   | Noticed Urug
 12933 | Lair:3   | Killed Urug
 13537 | Lair:3   | Reached skill level 20 in Axes
 14779 | Lair:4   | Noticed a five-headed hydra
 14787 | Lair:4   | Killed a three-headed hydra
 14787 | Lair:4   | Reached skill level 21 in Axes
 14927 | Lair:4   | Noticed Snorg
 14935 | Lair:4   | Killed Snorg
 15166 | Lair:5   | Noticed an eight-headed hydra
 15171 | Lair:5   | Killed a six-headed hydra
 15349 | Lair:5   | Noticed a naga warrior
 15351 | Lair:5   | Found a staircase to the Snake Pit.
 15370 | Lair:5   | Killed a naga warrior
 15370 | Lair:5   | Reached skill level 9 in Fighting
 15631 | Lair:5   | Reached skill level 8 in Armour
 15798 | Lair:5   | Noticed a five-headed hydra
 15804 | Lair:5   | Killed a two-headed hydra
 15804 | Lair:5   | Reached XP level 13. HP: 111/111 MP: 12/12
 15833 | Lair:5   | Received a gift from Trog
 16446 | Lair:5   | Reached skill level 9 in Armour
 16482 | Lair:6   | Received a gift from Trog
 16487 | Lair:6   | Reached skill level 10 in Fighting
 16633 | Lair:6   | Found a staircase to the Swamp.
 16885 | Lair:6   | Found a runed door.
 16885 | Lair:6   | Found a viscous altar of Jiyva.
 16885 | Lair:6   | Found a staircase to the Slime Pits.
 16885 | Lair:6   | Noticed an acid blob
 17369 | Lair:7   | Reached skill level 10 in Armour
 17377 | Lair:7   | Reached skill level 11 in Fighting
 17447 | Lair:7   | Reached ****** piety under Trog
 17496 | Lair:7   | Noticed M4edhros's ghost (journeyman OpNe)
 17513 | Lair:7   | Killed M4edhros's ghost
 17892 | Lair:7   | Reached skill level 11 in Armour
 17902 | Lair:7   | Reached skill level 12 in Fighting
 18090 | Lair:8   | Entered Level 8 of the Lair of Beasts
 18097 | Lair:8   | Received a gift from Trog
 18098 | Lair:8   | Reached skill level 22 in Axes
 18344 | Lair:8   | Reached XP level 14. HP: 126/126 MP: 13/13
 19014 | Lair:8   | Reached skill level 12 in Armour
 19207 | Lair:8   | Reached skill level 13 in Fighting
 19213 | Lair:8   | Received a gift from Trog
 19847 | Lair:8   | Identified Opneuratt's Disquisition on Lucky Stones
 20457 | Orc:1    | Entered Level 1 of the Orcish Mines
 20478 | Orc:1    | Noticed Maurice
 20489 | Orc:1    | Killed Maurice
 20643 | Orc:1    | Noticed Erica
 20648 | Orc:1    | Killed Erica
 20834 | Orc:1    | Reached skill level 13 in Armour
 20924 | Orc:1    | Noticed Fannar
 20936 | Orc:1    | Killed Fannar
 21298 | Orc:2    | Entered Level 2 of the Orcish Mines
 21298 | Orc:2    | Found a staircase to the Elven Halls.
 21448 | Orc:2    | Reached skill level 14 in Fighting
 21500 | Orc:2    | Found a dark tunnel.
 21514 | Orc:2    | Noticed 4thArraOfDagon's ghost (journeyman TrIE)
 21524 | Orc:2    | Killed 4thArraOfDagon's ghost
 21543 | Orc:2    | Found Bumos's Antique Weapon Boutique.
 21721 | Orc:2    | Found a frozen archway.
 21732 | Orc:2    | Received a gift from Trog
 21742 | Orc:2    | Got a bone battleaxe {god gift}
 21744 | Orc:2    | Identified the +7 battleaxe of Infection {chop, rC++ MR+ Int+4} (Trog gifted it to you on level 2 of the Orcish Mines)
 21783 | IceCv    | Entered an ice cave
 22339 | IceCv    | Noticed a frost giant
 22356 | IceCv    | Killed a frost giant
 22734 | Orc:2    | Reached XP level 15. HP: 139/139 MP: 14/14
 22847 | Orc:2    | Found Xuucief's Book Shop.
 22870 | Orc:2    | Found Fithamni's General Store.
 23014 | Orc:2    | Found Eris Heb's Antique Armour Emporium.
 23024 | Orc:2    | Noticed an orc warlord
 23285 | Orc:2    | Reached skill level 14 in Armour
 23376 | Orc:2    | Received a gift from Trog
 23387 | Orc:2    | Killed an orc warlord
 23620 | Orc:2    | Bought the -2 hat of the Alchemist {rElec rPois rF+ rC+ rN+ MR+ rMut rCorr} for 1510 gold pieces
 23875 | D:10     | Entered Level 10 of the Dungeon
 23877 | D:10     | Found Arry's Antique Weapon Shop.
 23991 | D:10     | Reached skill level 15 in Fighting
 24074 | D:10     | Found Kaunugotz's General Store.
 24467 | D:10     | Found Wesirat's Weapon Boutique.
 24467 | D:10     | Found Efufid's Magic Scroll Shoppe.
 24496 | D:10     | Found Yti Bal's Armour Boutique.
 24822 | D:10     | Found a shadowy altar of Dithmenos.
 26845 | D:13     | Received a gift from Trog
 27656 | D:13     | Reached skill level 15 in Armour
 27993 | D:14     | Found an opulent altar of Gozag.
 28049 | D:14     | Found a gate to the Vaults.
 28278 | D:14     | Noticed Louise
 28481 | D:13     | Killed Louise
 28481 | D:13     | Reached skill level 16 in Fighting
 29051 | D:15     | Entered Level 15 of the Dungeon
 29076 | D:15     | Received a gift from Trog
 29680 | D:15     | Got a pair of scorched gloves
 29692 | D:15     | Identified the +0 pair of gloves of a Thousand Souls {Str+2} (You acquired it on level 15 of the Dungeon)
 29917 | D:15     | Found a staircase to the Depths.
 30012 | D:15     | Noticed Sonja
 30039 | D:15     | Killed Sonja
 30057 | D:15     | Reached XP level 16. HP: 152/152 MP: 15/15
 30355 | D:15     | Reached skill level 16 in Armour
 30910 | D:15     | Received a gift from Trog
 30922 | D:15     | Reached skill level 23 in Axes
 30938 | D:15     | Reached skill level 17 in Fighting
 30949 | D:15     | Got a fine battleaxe {god gift}
 30950 | D:15     | Identified the +6 battleaxe of the Inferno {freeze, +Rage rF- MR+ Int+3} (Trog gifted it to you on level 15 of the Dungeon)
 31278 | Swamp:1  | Entered Level 1 of the Swamp
 32509 | Swamp:2  | Noticed Donald
 32522 | Swamp:2  | Killed Donald
 32522 | Swamp:2  | Reached skill level 17 in Armour
 32708 | Swamp:2  | Noticed Jorgrun
 32716 | Swamp:2  | Received a gift from Trog
 32722 | Swamp:2  | Killed Jorgrun
 32827 | Swamp:2  | Reached skill level 18 in Fighting
 33013 | Swamp:2  | Gained mutation: Armour fits poorly on your strangely shaped body. [a Zot trap]
 33486 | Orc:2    | Bought a jet-encrusted plate armour for 896 gold pieces
 33503 | Orc:2    | Identified the cursed +0 plate armour of Death's Door {Int+5} (You bought it in a shop on level 2 of the Orcish Mines)
 33862 | Swamp:3  | Found a shimmering altar of Xom.
 34524 | Swamp:4  | Entered Level 4 of the Swamp
 34621 | Swamp:4  | Reached skill level 18 in Armour
 34623 | Swamp:4  | Reached XP level 17. HP: 165/166 MP: 16/16
 34640 | Swamp:4  | HP: 41/166 [eight-headed hydra (3)]
 34641 | Swamp:4  | HP: 19/166 [eight-headed hydra (5)]
 34648 | Swamp:4  | HP: 11/166 [poisoned by a hornet]
 35115 | Swamp:4  | Noticed a tentacled monstrosity
 35124 | Swamp:4  | Killed a tentacled monstrosity
 35124 | Swamp:4  | Received a gift from Trog
 35187 | Swamp:4  | Reached skill level 19 in Fighting
 36041 | Swamp:4  | Got a decaying rune of Zot
 36696 | Snake:1  | Entered Level 1 of the Snake Pit
 36696 | Snake:1  | Noticed Azrael
 36706 | Snake:1  | Killed Azrael
 37150 | Snake:1  | Noticed Aizul
 37193 | Snake:1  | Killed Aizul
 37573 | Snake:1  | Noticed Nikola
 37596 | Snake:1  | Killed Nikola
 37596 | Snake:1  | Received a gift from Trog
 37596 | Snake:1  | Reached skill level 19 in Armour
 37780 | Snake:1  | Noticed Josephine
 37785 | Snake:1  | Killed Josephine
 38045 | Snake:1  | Reached skill level 20 in Fighting
 39488 | Snake:2  | Noticed Vashnia
 39530 | Snake:2  | Killed Vashnia
 39539 | Snake:2  | HP: 36/171 [black mamba (12)]
 39848 | Snake:2  | Reached XP level 18. HP: 148/180 MP: 17/17
 40356 | Snake:2  | Reached skill level 20 in Armour
 41155 | Snake:3  | Received a gift from Trog
 41766 | Snake:4  | Entered Level 4 of the Snake Pit
 41949 | Snake:4  | Reached skill level 21 in Fighting
 43055 | Snake:4  | Reached skill level 21 in Armour
 43078 | Snake:4  | HP: 39/182 [shock serpent/bolt of electricity (8)]
 43080 | Snake:4  | HP: 19/182 [shock serpent/electric aura (10)]
 43080 | Snake:4  | HP: 8/182 [shock serpent (4)]
 43080 | Snake:4  | HP: 3/182 [naga mage/spear (5)]
 43080 | Snake:4  | Slain by a naga mage

Skill      XL: |  1  2  3  4  5  6  7  8  9 10 11 12 13 14 15 16 17 18 |
---------------+-------------------------------------------------------+-----
Axes           | 4 5 6 7 8 10 13 16 19 21 22 23 | 23.0
Fighting       | 4 5 6 8 9 12 14 16 18 20 21 | 21.6
Armour         | 3 4 5 7 8 11 13 15 18 19 21 | 21.1
Dodging        | |  2.1

Action                   |  1- 3 |  4- 6 |  7- 9 | 10-12 | 13-15 | 16-18 || total
-------------------------+-------+-------+-------+-------+-------+-------++-------
Melee: Hand axe          |    52 |   109 |   126 |       |       |       ||   287
       Headbutt          |     2 |    15 |    58 |    85 |   262 |   267 ||   689
       Battleaxe         |       |       |    18 |       |   524 |   812 ||  1354
       Broad axe         |       |       |   108 |   442 |   540 |   156 ||  1246
Throw: Javelin           |       |       |       |     2 |       |       ||     2
       Throwing net      |       |       |       |       |     2 |     2 ||     4
Invok: Berserk           |     1 |     5 |    13 |    15 |    38 |    24 ||    96
       Brothers in Arms  |       |       |       |     2 |     2 |     6 ||    10
       Trog's Hand       |       |       |       |     2 |       |     6 ||     8
 Abil: Evoke Flight      |       |       |       |       |       |     1 ||     1
Evoke: Wand              |       |       |       |       |     5 |     6 ||    11
       Phial of floods   |       |       |       |       |       |     1 ||     1
  Use: Scroll            |     3 |     8 |    11 |     7 |    11 |    11 ||    51
       Potion            |       |     2 |     6 |     3 |    10 |    10 ||    31
 Stab: Held in net/web   |       |       |       |       |     1 |       ||     1
  Eat: Chunk             |     3 |    11 |    32 |    47 |    82 |    54 ||   229
       Beef jerky        |       |       |     1 |       |       |       ||     1
       Meat ration       |       |       |       |       |       |     1 ||     1
       Royal jelly       |       |       |       |       |       |     1 ||     1
       Bread ration      |       |       |       |       |       |     2 ||     2
Armor: Animal skin       |     4 |       |       |       |       |       ||     4
       Ring mail         |    13 |    36 |       |       |       |       ||    49
       Chain mail        |       |    15 |    51 |       |       |       ||    66
       Plate armour      |       |       |   101 |   187 |   573 |   728 ||  1589
Dodge: Dodged            |    34 |    61 |    96 |   135 |   334 |   394 ||  1054

Vault maps used:
D:1:      dpeg_arrival_ternary, grunt_decor_resistance, minmay_parallelograms,
          minivault_5
D:2:      wad_river_or_something, lemuel_doored_altar,
          minmay_overflow_temple_hex, first_bread,
          hangedman_decor_clover_reticule, nicolae_qazlal_style_of_elements
D:3:      lemuel_crystal_altar, uniq_sigmund, uniq_terence, uniq_jessica
D:4:      old_standard_altar
D:5:      minmay_temple_entry_hall, gup_sewer_entry_spiral, uniq_duvessa,
          uniq_grinder
D:6:      old_standard_altar
D:7:      the_bakery, kennysheep_generic_room_14
D:8:      marbit_many_paths, led_sif_pool, serial_shops, kennysheep_little_box,
          enter_bailey_2
D:9:      minmay_lair_entry_lava, david_orc_3
D:10:     serial_shops, shop_scrolls, nicolae_shop_window_shopping, shop, shop,
          nicolae_shop_window_shopping, grunt_dithmenos_shadows
D:14:     david_vaults_1, columned_hall_lemuel, grunt_gozag_breadcrumbs,
          uniq_louise
D:15:     gammafunk_enter_depths_forms, serial_column_ruins,
          column_ruins_hut_water, column_ruins_open_medium,
          column_ruins_columns_T, column_ruins_grid_1, column_ruins_open_tiny,
          column_ruins_open_small, hangedman_decor_growths, uniq_sonja
Lair:1:   beast_lair_carwin_3
Lair:2:   uniq_gastronok
Lair:3:   lemuel_fruit_fields, lemuel_fruit_tree, uniq_urug, uniq_rupert
Lair:4:   dpeg_oklob_1, uniq_snorg
Lair:5:   minmay_snake_entry_guardpost_large, lab_entry_generic,
          grunt_forest_large_clearing_hut
Lair:6:   swamp_mist, slime_altar_2
Lair:8:   minmay_lair_end_enchanted_forest, serial_bayou_pond_a,
          nicolae_quartered_pool_super, bh_autumn_forest_stairs,
          lemuel_fruit_fields
Swamp:1:  wheals_swamp_sinkhole, swamp_pool4
Swamp:2:  hangedman_swamp_lotus, uniq_donald, uniq_jorgrun
Swamp:3:  basic_altar
Swamp:4:  swamp_alternative, swamp_pool1, infiniplex_staircase_pool_2
Snake:1:  serial_bayou_lagoon_a, serial_bayou_shore_b, uniq_josephine,
          uniq_aizul, uniq_azrael, uniq_nikola
Snake:2:  nrook_guardian_serpent_double, uniq_vashnia
Snake:3:  grunt_megastairs_1
Snake:4:  grunt_snake_rune_serpentine_throne, spider_trap
Orc:1:    uniq_erica, uniq_fannar, uniq_maurice
Orc:2:    grunt_orc_gardens, grunt_orc_garden, grunt_orc_garden,
          grunt_orc_garden, grunt_orc_garden, nicolae_volcano_entry_two_sided,
          portal_ice_cave_entry_imps
Bailey:   bailey_polearm_4, bailey
IceCv:    ice_cave_small_giant

Table legend:
 A = Turns spent in this place as a percentage of turns spent in the entire game.
 B = Non-inter-level travel turns spent in this place as a percentage of non-inter-level travel turns spent in the entire game.
 C = Inter-level travel turns spent in this place as a percentage of turns spent in this place.
 D = Turns resting spent in this place as a percentage of non-inter-level travel turns spent in this place.
 E = Turns spent auto-exploring this place as a percentage of non-inter-level travel turns spent in this place.
 F = Non-inter-level travel turns spent in this place divided by the number of levels of this place that you've seen.
                   A       B       C       D       E      F
               +-------+-------+-------+-------+-------+----------------------
         Total | 100.0 | 100.0 |   0.4 |   6.8 |   4.4 | 339.9
       Dungeon |  37.5 |  37.6 |   0.3 |   6.2 |   5.5 | 298.0
          Lair |  25.3 |  25.3 |   0.5 |   7.0 |   3.6 | 376.2
         Swamp |  11.2 |  11.2 |   0.7 |   8.0 |   5.0 | 333.0
     Snake Pit |  14.0 |  14.0 |   0.2 |   8.5 |   4.0 | 415.8
  Orcish Mines |   8.4 |   8.4 |   0.3 |   6.8 |   2.8 | 500.5
        Bailey |   0.4 |   0.4 |   0.0 |  10.4 |   0.0 |  48.0
      Ice Cave |   3.1 |   3.1 |   0.0 |   1.1 |   2.9 | 374.0
               +-------+-------+-------+-------+-------+----------------------

Table legend:
 A = Kills in this place as a percentage of kills in entire the game.
 B = Kills by you in this place as a percentage of kills by you in the entire game.
 C = Kills by friends in this place as a percentage of kills by friends in the entire game.
 D = Other kills in this place as a percentage of other kills in the entire game.
 E = Experience gained in this place as a percentage of experience gained in the entire game.
 F = Experience gained in this place divided by the number of levels of this place that you have seen.
                   A       B       C       D       E      F
               +-------+-------+-------+-------+-------+----------------------
         Total | 100.0 | 100.0 | 100.0 |  -nan | 100.0 | 9976.0
       Dungeon |  33.7 |  34.0 |   0.0 |  -nan |  18.1 | 4224.2
          Lair |  29.8 |  29.9 |  14.3 |  -nan |  22.3 | 9727.5
         Swamp |  11.1 |  11.2 |   0.0 |  -nan |  19.9 | 17339.2
     Snake Pit |  15.5 |  15.5 |  14.3 |  -nan |  31.9 | 27805.2
  Orcish Mines |   7.0 |   6.2 |  71.4 |  -nan |   5.1 | 8844.5
        Bailey |   0.2 |   0.2 |   0.0 |  -nan |   0.1 | 272.0
      Ice Cave |   2.8 |   2.8 |   0.0 |  -nan |   2.7 | 9439.0
               +-------+-------+-------+-------+-------+----------------------
